 Dungeon Crawl Stone Soup version 0.32-a0-938-g40ac7a0 (webtiles) character file.

Game seed: 11641496653912656448

1654 yaymichael the Geomancer (level 9, -1/51 HPs)
             Began as a Gargoyle Earth Elementalist on Apr 18, 2024.
             Was a Follower of Vehumet.
             Slain by Maggie
             ... wielding a +1 war axe of distortion
              (14 damage)
             ... on level 6 of the Dungeon.
             The game lasted 00:24:22 (5354 turns).

yaymichael the Geomancer (GrEE)                     Turns: 5354, Time: 00:24:23

Health: -1/51      AC: 16    Str: 12 (14) XL:     9   Next: 0%
Magic:  1/18       EV: 11    Int: 17 (18) God:    Vehumet [*.....]
Gold:   302        SH:  0    Dex:  8 (10) Spells: 3/20 levels left

rFire   + . .        n - +1 flail (heavy)
rCold   + . .        (no shield)
rNeg    + . .        m - +2 robe {rC+ rF+}
rPois   ∞            (no helmet)
rElec   +            s - +2 cloak
rCorr   .            k - +2 pair of gloves
SInv    .            (no boots)
Will    .....        (no amulet)
Stlth   ++           e - +4 ring of slaying
HPRegen 0.28/turn    (no ring)
MPRegen 0.16/turn

%: no passive effects
@: attractive, mesmerised, hasted, studying Armour, very quick
A: sickness immunity, AC +6, negative energy resistance 1, electricity
resistance, torment resistance 1, petrification resistance
a: Renounce Religion


You were on level 6 of the Dungeon.
You worshipped Vehumet.
Vehumet was aware of your devotion.
You visited 2 branches of the dungeon, and saw 7 of its levels.

You collected 302 gold pieces.

Inventory:

Hand Weapons
 b - a +0 trident
 d - a +1 war axe
 f - a +0 whip
 g - a +0 flail
 n - a +1 heavy flail (weapon)
Missiles
 c - 62 stones
Armour
 a - a +0 robe
 k - a +2 pair of gloves (worn)
 m - a +2 robe of resistance (worn)
 s - a +2 cloak (worn)
Jewellery
 e - a +4 ring of slaying (left hand)
 p - a ring of positive energy
Talismans
 h - a beast talisman
Scrolls
 j - a scroll of teleportation
 l - a scroll of fog
 t - a scroll of immolation {unknown}
Potions
 o - 2 potions of mutation
 q - a potion of degeneration
 x - a potion of lignification {unknown}


   Skills:
 * Level 3.6 Fighting
 * Level 2.4 Maces & Flails
 * Level 2.8 Armour
 + Level 1.9 Dodging
 - Level 4.0 Stealth
 * Level 6.3 Spellcasting
 + Level 1.8 Conjurations
 * Level 8.5 Earth Magic


You had 3 spell levels left.
You knew the following spells:

 Your Spells              Type           Power      Damage    Failure   Level
a - Sandblast             Erth           68%        2d15      1%          1
b - Ensorcelled Hibernat  Hex/Ice        10%        N/A       19%         2
c - Stone Arrow           Conj/Erth      46%        3d9       4%          3
d - Brom's Barrelling Bo  Conj/Erth      23%        2d4       14%         4
e - Shock                 Conj/Air       32%        1d5       9%          1
f - Bombard               Conj/Erth      11%        9d3       92%         6

Your spell library contained the following spells:

 Spells                   Type           Power      Damage    Failure   Level
 Passwall                 Erth           34%        N/A       1%          3
 Swiftness                Air            5%         N/A       36%         3
 Volatile Blastmotes      Fire/Tloc      10%        2d10      36%         3
 Petrify                  Alch/Erth      19%        N/A       22%         4
 Vhi's Electric Charge    Tloc/Air       10%        N/A       77%         4


Dungeon Overview and Level Annotations

Branches:
Dungeon (6/15)             Temple (1/1) D:4

Altars:
Ashenzari
Cheibriados
Dithmenos
Elyvilon
Fedhas
Gozag
Hepliaklqana
Kikubaaqudgha
Makhleb
Nemelex Xobeh
Okawaru
Qazlal
Ru
Trog
Uskayaw
Vehumet
Wu Jian
Xom
Yredelemnul
Zin
The Shining One

Shops:
D:1 ([[=(

Annotations:
D:6 Dowan, Maggie
Temple 2 transporters


Innate Abilities, Weirdness & Mutations

You are immune to sickness and miasma.
Your stone body is resilient. (AC +6)
You are immune to poison.
You resist negative energy. (rN+)
You are resistant to electric shocks. (rElec)
You are resistant to unholy torment.
You are immune to petrification.


Message History

Press: ? - help, Shift-Dir - straight line, f/p - Maggie
Aim: Maggie, wielding a +1 war axe of distortion and wearing +0 steam dragon scales (severely wounded, mesmerising, very poisoned, ally target, 71% to hit)
The stone arrow hits Maggie!
Maggie is severely wounded.
You break out of your daze.
Your gnoll closely misses Maggie.
Maggie hits you but does no damage. Space warps horribly around you!!
Maggie closely misses your gnoll.
Maggie hits your orc priest with a +1 war axe of distortion.
Your orc priest is devoured by a tear in reality.
You barely miss Maggie.
Maggie is almost dead.
Your gnoll closely misses Maggie.
Maggie closely misses you.
Maggie hits your gnoll with a +1 war axe of distortion.
Your gnoll dies!
Your gnoll's corpse dissolves into shadows!
Maggie hits your gnoll with a +1 war axe of distortion!
Your gnoll dies!
Your gnoll's corpse dissolves into shadows!
Maggie closely misses you.
It was a potion of degeneration.
There was something very wrong with that liquid.
You feel weakened.
You feel dopey.
You feel clumsy.
Maggie mumbles some strange words.
Maggie attempts to bespell you!
You are mesmerised by Maggie!
It was a potion of attraction.
You feel attractive to monsters. Maggie hits you but does no damage.
Space warps around you.
You closely miss Maggie.
Maggie is almost dead.
Maggie hits you with a +1 war axe of distortion.
Space warps around you. Maggie gestures at you while chanting.
The bolt of fire hits you! You resist.
* * * LOW HITPOINT WARNING * * *
The sleepcap is attracted toward you.
It was a potion of haste.
You feel yourself speed up.
The sleepcap releases spores at you but does no damage.
Maggie hits you but does no damage. Space warps horribly around you!
You die...

## ##.## ##...##
##.....##
##.......###########.#
#...........@.........
#.......#####..>....#
##..§.@## #.###.###
#....@# #.##.#
.#####....f#### #@#.##
..............###....#
######.....#...)..###.#
#.<...#.§###.#
###.###..# #.# #.# #..#
#.. #.# #..# ###. #.#
#..# .#


You could see Maggie (mesmerising, poisoned) and a sleepcap.

Vanquished Creatures
  Grinder (D:3)
  Sigmund (D:4)
  Duvessa (D:6)
  A sky beast (D:6)
  An ice beast (D:6)
  An ogre (D:5)
  A centaur (D:6)
  A phantom (D:4)
  Blork the orc (D:5)
  A bullfrog (D:6)
  A howler monkey (D:6)
  2 bombardier beetles
  A hound (D:5)
  3 orc priests
  Terence (D:3)
  An iguana (D:5)
  3 orc wizards
  4 gnolls (D:4)
  9 adders
  2 ufetubi (D:5)
  3 ribbon worms
  3 dart slugs
  25 orcs
  10 ball pythons
  10 endoplasms
  4 giant cockroaches
  11 goblins
  10 hobgoblins
  5 quokkas
  3 bats
  5 frilled lizards
  5 kobolds
  A rat (D:1)
132 creatures vanquished.

Notes
Turn   | Place    | Note
-------+----------+-------------------------------------------
     0 | D:1      | yaymichael the Gargoyle Earth Elementalist began the quest
                  | for the Orb.
     0 | D:1      | Reached XP level 1. HP: 10/10 MP: 3/3
    73 | D:1      | Reached skill level 4 in Earth Magic
   214 | D:1      | Reached XP level 2. HP: 15/15 MP: 3/5
   217 | D:1      | Learned a level 2 spell: Ensorcelled Hibernation
   291 | D:1      | Found Gowkiuxi's Armour Shop.
   313 | D:1      | Found Ezoleuf's Antique Weapon Emporium.
   421 | D:1      | Found Xyman's Jewellery Boutique.
   584 | D:1      | Found Cac Fom's Weapon Emporium.
   685 | D:1      | Found Tepsicvu's Antique Armour Boutique.
   750 | D:1      | Reached XP level 3. HP: 20/20 MP: 6/6
  1233 | D:2      | Reached skill level 5 in Earth Magic
  1770 | D:2      | Reached XP level 4. HP: 24/24 MP: 5/7
  1910 | D:3      | Reached skill level 1 in Fighting
  1938 | D:3      | Noticed Grinder
  1948 | D:3      | Paralysed by Grinder for 3 turns
  1955 | D:3      | Killed Grinder
  1956 | D:3      | Reached skill level 6 in Earth Magic
  1956 | D:3      | Reached XP level 5. HP: 21/30 MP: 7/10
  1956 | D:3      | Reached XP level 6. HP: 25/35 MP: 7/11
  2068 | D:3      | Found a faded altar of an unknown god.
  2228 | D:3      | Learned a level 3 spell: Stone Arrow
  2396 | D:3      | Found a blossoming altar of Fedhas.
  2399 | D:3      | Found a broken altar of Ashenzari.
  2636 | D:3      | Noticed Terence
  2644 | D:3      | Killed Terence
  2705 | D:3      | Learned a level 4 spell: Brom's Barrelling Boulder
  2806 | D:4      | Reached XP level 7. HP: 40/40 MP: 7/13
  2859 | D:4      | Found a staircase to the Ecumenical Temple.
  3021 | D:4      | Reached skill level 1 in Maces & Flails
  3284 | D:4      | Reached skill level 7 in Earth Magic
  3602 | Temple   | Found a transporter.
  3602 | Temple   | Found a transporter.
  3602 | Temple   | Found a transporter.
  3602 | Temple   | Found a transporter.
  3602 | Temple   | Entered the Ecumenical Temple
  3616 | Temple   | Became a worshipper of Vehumet
  3638 | D:4      | Noticed Sigmund
  3642 | D:4      | Killed Sigmund
  3643 | D:4      | Reached skill level 5 in Spellcasting
  3709 | D:4      | Reached XP level 8. HP: 42/45 MP: 9/15
  4274 | D:5      | Entered Level 5 of the Dungeon
  4572 | D:5      | Noticed Blork the orc
  4576 | D:5      | Killed Blork the orc
  4577 | D:5      | Reached skill level 1 in Armour
  4739 | D:5      | Reached skill level 8 in Earth Magic
  4741 | D:5      | Reached * piety under Vehumet
  4741 | D:5      | Offered knowledge of Shock by Vehumet.
  4744 | D:5      | Learned a level 1 spell: Shock
  4751 | D:5      | Learned a level 6 spell: Bombard
  5180 | D:6      | Noticed Duvessa
  5181 | D:6      | Noticed Dowan
  5189 | D:6      | Killed Duvessa
  5315 | D:6      | Reached XP level 9. HP: 47/51 MP: 2/18
  5323 | D:6      | Noticed Maggie
  5354 | D:6      | Slain by Maggie

Illustrated notes

Levels and vault maps discovered:
D:1:      dpeg_arrival_signposts, layout_basic, serial_shops, shop_fountains,
          nicolae_shop_advertising_works [nicolae_subvault_shop_adworks],
          nicolae_shop_bloodbath_and_beyond, shop, shop, minmay_tromino_mix6
D:2:      layout_basic
D:3:      layout_basic, mainiacjoe_overflow_big_doors, basic_ecumenical_altar,
          uniq_terence, uniq_grinder
D:4:      layout_layer_cave, minmay_temple_entry_proselytizer, uniq_sigmund
D:5:      layout_basic, uniq_blork_the_orc
D:6:      layout_loops_ring, mainiacjoe_overflow_six_doors_small, serial_shops,
          nicolae_shop_just_a_little_nook, nicolae_zig_zag_zippers,
          uniq_prince_ribbit1, uniq_duvessa, uniq_maggie
Temple:   hellmonk_temple_divided_pantheon

Skill      XL: |  1  2  3  4  5  6  7  8 |
---------------+-------------------------+-----
Earth Magic    | 4 5 6 7 8 |  8.5
Fighting       | 1 2 3 |  3.6
Stealth        | 3 4 |  4.0
Spellcasting   | 3 4 5 6 |  6.3
Maces & Flails | 1 2 |  2.4
Armour         | 2 |  2.8
Dodging        | |  1.9
Conjurations   | |  1.8

Action                     |  1- 3 |  4- 6 |  7- 9 || total
---------------------------+-------+-------+-------++-------
  Melee: Unarmed           |    13 |       |       ||    13
         Whip              |     9 |       |       ||     9
         Flail             |    52 |    12 |    11 ||    75
   Cast: Sandblast         |    34 |    53 |    64 ||   151
         Stone Arrow       |       |       |    30 ||    30
    Use: Scroll            |     8 |     1 |     5 ||    14
         Potion            |       |     4 |     4 ||     8
   Stab: Sleeping          |       |     1 |       ||     1
 Armour: Robe              |    63 |    36 |    47 ||   146
  Dodge: Dodged            |    59 |    18 |    31 ||   108

Table legend: (Time is in decaauts)
 A = Elapsed time spent in this place.
 B = Non-inter-level travel time spent in this place.
 C = Inter-level travel time spent in this place.
 D = Time resting spent in this place.
 E = Time spent auto-exploring this place.
 F = Levels seen in this place.
 G = Mean time per level.
                   A        B        C        D        E       F      G
               +--------+--------+--------+--------+--------+-----+--------+
         Total |   5463 |   5241 |    222 |    639 |   3542 |   7 |  780.4 |
       Dungeon |   5430 |   5217 |    213 |    639 |   3542 |   6 |  905.0 |
        Temple |     32 |     23 |      9 |      0 |      0 |   1 |   32.0 |
               +--------+--------+--------+--------+--------+-----+--------+

Top non-repeatable levels by time:
     D:4: 1474 daAuts
     D:1: 1197 daAuts
     D:3: 962 daAuts
     D:5: 932 daAuts
     D:2: 699 daAuts
     D:6: 164 daAuts
  Temple: 32 daAuts
